 Dungeon Crawl Stone Soup version 0.31-a0-188-g5e087ee2ca (webtiles) character file.

Game seed: 1958495566227722106

334 qw the Skirmisher (level 6, 0/35 HPs)
             Began as a Deep Elf Hunter on June 23, 2023.
             Slain by an ogre
             ... wielding a +0 giant club
              (7 damage)
             ... on level 4 of the Dungeon.
             The game lasted 00:01:09 (2439 turns).

qw the Skirmisher (Deep Elf Hunter)                 Turns: 2439, Time: 00:01:09

Health: 0/35       AC:  7    Str: 10    XL:     6   Next: 27%
Magic:  8/8        EV: 11    Int: 14    God:
Gold:   159        SH:  0    Dex: 18    Spells: 5/5 levels left

rFire   x . .        Y - +0 shortbow
rCold   . . .        (shield currently unavailable)
rNeg    + + +        i - +0 ring mail of Ignis's Envy {Fly rPois rF- rN+++}
rPois   +            (no helmet)
rElec   .            (no cloak)
rCorr   .            (no gloves)
SInv    .            j - +1 pair of boots
Will    .....        (no amulet)
Stlth   +            (no ring)
HPRegen 0.25/turn    (no ring)
MPRegen 0.11/turn

%: no passive effects
@: flying
A: no striking features
a: no special abilities


You were on level 4 of the Dungeon.
You visited 1 branch of the dungeon, and saw 4 of its levels.

You collected 159 gold pieces.


   Skills:
 - Level 2.1 Fighting
 + Level 9.7 Ranged Weapons
 - Level 2.4 Dodging
 - Level 1.2 Stealth


You had 5 spell levels left.
You didn't know any spells.
Your spell library was empty.

Inventory:

Hand Weapons
 Y - a +0 shortbow (weapon)
Armour
 h - a +0 ring mail
 i - the +0 ring mail of Ignis's Envy (worn) {Fly rPois rF- rN+++}
   (You found it on level 2 of the Dungeon)

   rF:        It makes you vulnerable to fire.
   rPois:     It protects you from poison.
   rN:        It renders you almost immune to negative energy.
   Fly:       It grants you flight.
 j - a +1 pair of boots (worn)
Scrolls
 a - a scroll of teleportation {unknown}
Potions
 b - 2 potions of degeneration {unknown}
 c - a potion of haste {unknown}
 d - 2 potions of berserk rage {unknown}
 f - a potion of ambrosia {unknown}
 g - a potion of heal wounds {unknown}

Dungeon Overview and Level Annotations

Branches:
Dungeon (4/15)
 Temple: D:4-7

Altars:
Fedhas
Kikubaaqudgha
The Shining One

Shops:
D:1 (

Annotations:
D:3 exclusion: moth of wrath


Message History

You shoot an arrow. The arrow hits the scorpion.
The scorpion is severely wounded.
The scorpion stings you but does no damage.
You shoot an arrow. The arrow hits the scorpion.
The scorpion is almost dead.
The scorpion stings you.
You are poisoned.
The scorpion poisons you!
You shoot an arrow. The arrow hits the scorpion.
You kill the scorpion!
You feel very sick.
You start resting.
You feel sick. x9
You are no longer poisoned.
HP restored.
An ogre comes into view. It is wielding a +0 giant club.
Found 12 gold pieces.
Enter note: You shoot an arrow.
The arrow hits the ogre but does no damage.
The ogre shouts!
You shoot an arrow. The arrow hits the ogre!
The ogre is moderately wounded.
You shoot an arrow. The arrow hits the ogre.
The ogre is heavily wounded.
You shoot an arrow. The arrow hits the ogre.
The ogre is severely wounded.
You shoot an arrow. The arrow hits the ogre.
The ogre is severely wounded.
You shoot an arrow.
The arrow hits the ogre but does no damage.
The ogre is severely wounded.
The ogre hits you with a +0 giant club!!
Ouch! That really hurt!
You shoot an arrow. The arrow hits the ogre.
The ogre is severely wounded.
You shoot an arrow. The arrow hits the ogre.
The ogre is almost dead.
The ogre hits you with a +0 giant club!
You die...

####.### # ........ .#
#$..#
###>.#.##.####...##
###..#.............
..#..#............
#.#..#... ........
.....#.##.# #...#
#.##......# #..O#
#.###..#### #..@# #.#
#..# #...# #.# #..##
#...# ...##...# #...#
#.......# #...#####
........#######...)..#
#..###)....%###..###.#
#..
#.###.....%.###.######
..
#.#.7.~~~.7....).....#


You could see an ogre.

Vanquished Creatures
  A scorpion (D:4)
  A hound (D:4)
  An orc priest (D:3)
  A sleepcap (D:2)
  Jessica (D:2)
  An orc wizard (D:3)
  An adder (D:2)
  4 gnolls (D:2)
  A white imp (D:3)
  2 dart slugs
  6 orcs (D:3)
  9 endoplasms
  4 giant cockroaches
  7 goblins
  A hobgoblin (D:3)
  3 jackals (D:3)
  3 quokkas
  8 ball pythons
  5 bats
  3 frilled lizards
  8 kobolds
  2 rats
73 creatures vanquished.

Vanquished Creatures (others)
  A human (D:3)
1 creature vanquished.

Grand Total: 74 creatures vanquished

Notes
Turn   | Place    | Note
-------+----------+-------------------------------------------
     0 | D:1      | qw the Deep Elf Hunter began the quest for the Orb.
     0 | D:1      | Reached XP level 1. HP: 12/12 MP: 3/3
     0 | D:1      | 0 ||| qw: Version: 0.3-a-9-g12657ce
     0 | D:1      | 0 ||| qw: Game counter: 3892
     0 | D:1      | 0 ||| qw: Always use a shield: true
     0 | D:1      | 0 ||| qw: God list: Okawaru
     0 | D:1      | 0 ||| qw: Allow faded altars: false
     0 | D:1      | 0 ||| qw: Do Orc after D:15 true
     0 | D:1      | 0 ||| qw: Do second Lair branch before Depths: true
     0 | D:1      | 0 ||| qw: Lair rune preference: random
     0 | D:1      | 0 ||| qw: Plans: Normal
     0 | D:1      | 0 ||| PLANNING D:1-11
   224 | D:1      | Found Osef's Weapon Shop.
   278 | D:1      | Reached skill level 6 in Ranged Weapons
   278 | D:1      | Reached XP level 2. HP: 16/16 MP: 4/4
   545 | D:1      | 545 ||| UPGRADING to +0 pair of boots.
   550 | D:1      | 550 ||| DROPPING scroll of butterflies.
   828 | D:2      | Noticed Jessica
   831 | D:2      | Killed Jessica
   832 | D:2      | Reached skill level 7 in Ranged Weapons
   832 | D:2      | Reached XP level 3. HP: 20/20 MP: 5/5
   910 | D:2      | Reached XP level 4. HP: 21/25 MP: 6/6
   977 | D:2      | Identified the +0 ring mail of Ignis's Envy {Fly rPois rF-
                  | rN+++}
  1017 | D:2      | Reached skill level 8 in Ranged Weapons
  1315 | D:2      | 1315 ||| UPGRADING to +0 ring mail.
  1325 | D:2      | 1325 ||| DROPPING +0 leather armour.
  1326 | D:2      | 1326 ||| UPGRADING to +0 ring mail of Ignis's Envy {Fly
                  | rPois rF- rN+++}.
  1336 | D:2      | 1336 ||| READING scroll labelled IMAIKA UHUERPH.
  1337 | D:2      | 1337 ||| READING scroll labelled ENGEOFYICY.
  1380 | D:3      | 1380 ||| STAIRDANCE
  1385 | D:2      | HP: 4/25 [sleepcap (7)]
  1387 | D:2      | Reached XP level 5. HP: 5/29 MP: 7/7
  1642 | D:3      | Found an ancient bone altar of Kikubaaqudgha.
  1643 | D:3      | Noticed a human
  1645 | D:3      | Killed a human
  1704 | D:3      | Found a glowing golden altar of the Shining One.
  1784 | D:3      | Reached skill level 9 in Ranged Weapons
  1789 | D:3      | 1789 ||| FLEEEEING.
  1790 | D:3      | 1790 ||| FLEEEEING.
  1793 | D:3      | 1793 ||| FLEEEEING.
  1794 | D:3      | 1794 ||| FLEEEEING.
  1983 | D:3      | Found a blossoming altar of Fedhas.
  2020 | D:3      | Noticed a moth of wrath
  2021 | D:3      | 2021 ||| UPGRADING to +1 pair of boots.
  2031 | D:3      | 2031 ||| DROPPING +0 pair of boots.
  2032 | D:3      | 2032 ||| READING scroll labelled LASAOCH GEUNO.
  2033 | D:3      | 2033 ||| FLEEEEING.
  2179 | D:4      | Reached XP level 6. HP: 32/35 MP: 8/8
  2437 | D:4      | HP: 7/35 [ogre/+0 giant club (28)]
  2439 | D:4      | Slain by an ogre

Levels and vault maps discovered:
D:1:      evilmike_arrival_crescent, layout_loops_ring, serial_shops, shop
D:2:      layout_loops_ring, uniq_jessica
D:3:      layout_basic, tgw_kikubaaqudgha, mainiacjoe_overflow_surrounded_room,
          lemuel_tele_altar, tgw_trog
D:4:      layout_loops_cross, serial_rivers, chequers_serial_rivers_large_a,
          chequers_serial_rivers_micro_b, chequers_serial_rivers_micro_b,
          chequers_serial_rivers_marsh, chequers_serial_rivers_micro_c,
          dreamdust_wishing_well, st_stairs_1, minmay_lizard_king, uniq_edmund

Skill      XL: |  1  2  3  4  5 |
---------------+----------------+-----
Ranged Weapons | 6 7 8 9 |  9.7
Fighting       | 2 |  2.1
Dodging        | |  2.4
Stealth        | |  1.2

Action                     |  1- 3 |  4- 6 || total
---------------------------+-------+-------++-------
   Fire: Shortbow          |    74 |   168 ||   242
    Use: Scroll            |       |     3 ||     3
 Armour: Leather armour    |     4 |     2 ||     6
         Ring mail         |       |    27 ||    27
  Dodge: Dodged            |    12 |    53 ||    65

Table legend:
 A = Non-vault XP
 B = Vault XP
 C = Vault XP percentage of total XP
 D = Non-vault monster count
 E = Vault monster count
 F = Vault count percentage of total count
                 A         B        C        D         E       F
            +---------+---------+-------+---------+---------+-------
      Total |     441 |      37 |   7.7 |      72 |       1 |   1.4
            +---------+---------+-------+---------+---------+-------
        D:1 |      24 |       0 |   0.0 |      15 |       0 |   0.0
        D:2 |     148 |      37 |  20.0 |      28 |       1 |   3.4
        D:3 |     133 |       0 |   0.0 |      23 |       0 |   0.0
        D:4 |     136 |       0 |   0.0 |       6 |       0 |   0.0
            +---------+---------+-------+---------+---------+-------
